AoeStats
← 拿捏木村

African Clearing

510698740Analyzed
4v4 RM · 1d ago on Oct 2, 2026· 23m 11s· 8 players
Game mode
Random Map
Map size
Large (8 player)
Population
200
Speed
Normal
Resources
Standard
Victory
Conquest
Starting age
Dark Age
Ending age
Imperial Age
RankedLock teamsTeams togetherTeam positionsShared explorationLock speedFull tech treeHidden civsTurbo modeCheats
Victory
Defeat
🇨🇳 Bulgarians · China
1455
+14
🇨🇳 Mongols · China
1445
+14
🇯🇵 Japanese · Japan
1377
+17
🇨🇳 Berbers · China
1244
+22
1579
-23
🇨🇳 Sicilians · China
1423
-18
🇨🇳 Khitans · China
1338
-14
🇭🇰 Mongols · Hong Kong SAR China
1282
-12
hirai
11:38 Feudal Age
11:42 Man-at-Arms
12:11 Double-Bit Axe
13:30 Loom
14:31 Horse Collar
16:26 Wheelbarrow
19:34 Castle Age
18:15 Fletching
18:48 Padded Archer Armor
20:46 Bodkin Arrow
徽sir
6:01 Loom
12:36 Feudal Age
12:46 Feudal Age
14:28 Double-Bit Axe
17:13 Castle Age
15:40 Fletching
15:54 Horse Collar
22:23 Gold Mining
Yo win
3:56 Loom
11:52 Loom
14:09 Feudal Age
17:56 Castle Age
16:51 Double-Bit Axe
17:02 Fletching
19:35 Wheelbarrow
22:03 Wheelbarrow
21:49 Bow Saw
慎独
9:22 Loom
12:03 Feudal Age
12:45 Double-Bit Axe
13:12 Arson
13:56 Town Watch
14:14 Scale Mail Armor
14:24 Forging
15:20 Fletching
16:25 Wheelbarrow
22:44 Castle Age
你可以打我队友吗
5:44 Double-Bit Axe
7:38 Loom
11:33 Fishing Lines
15:03 Feudal Age
22:22 Castle Age
20:40 Bow Saw
20:43 Stone Mining
21:43 Scale Barding Armor
23:54 Wheelbarrow
老菜套
4:32 Loom
14:17 Feudal Age
15:03 Town Watch
19:53 Castle Age
18:05 Double-Bit Axe
18:39 Domestication
21:12 Wheelbarrow
21:16 Bow Saw
21:06 Pastoralism
拿捏木村
13:01 Feudal Age
13:36 Loom
18:14 Castle Age
20:36 Town Watch
乌合之众
8:29 Loom
13:44 Feudal Age
18:16 Castle Age
16:37 Double-Bit Axe
Connection lost

Rejoining the realm…

Still unreachable

The connection could not be restored.

Session expired

The server has moved on; the page needs a fresh start.